[Event "Serbian-ch Semifinal 2024"]
[Site "Paracin"]
[Date "2024.02.05"]
[Round "1.1"]
[White "Spiric, Igor"]
[Black "Ivanisevic, Ivan"]
[Result "0-1"]
[ECO "A06"]
[WhiteElo "2268"]
[BlackElo "2517"]
[Annotator "TA"]
[PlyCount "56"]
[EventDate "2024.02.04"]
[EventType "swiss"]
[EventCountry "SRB"]
[SourceTitle "playchess.com"]
[Source "ChessBase"]
[SourceQuality "1"]
[TimeControl "40/5400+30:1800+30"]

1. Nf3 d5 2. b3 c5 3. Bb2 f6 4. d3 e5 5. e4 d4 6. g3 Nc6 7. Bg2 Bg4 8. Nbd2 {[%emt 0:01:00] White is on the road to losing. Black is slightly better.} Qd7 {[%emt 0:00:19] Black is more active.} 9. h3 Be6 10. Nh4 Bd6 11. O-O Nge7 (11... Bxh3 $6 12. Qh5+ Kd8 13. Ng6 $11) 12. Nc4 Bc7 (12... Bxh3 $2 {loses.} 13. Bxh3 (13. Nxd6+ Qxd6 14. Bxh3 Kd8 $18) 13... Qxh3 14. Nxd6+ $18) 13. f4 (13. Ba3 $17 {was worth a try.}) 13... exf4 $19 (13... Bxh3 14. f5 Bxg2 15. Qh5+ g6 16. fxg6 $11) 14. gxf4 Bxh3 15. f5 (15. Bxh3 {keeps fighting.} Qxh3 16. Ng2) 15... Bxg2 16. Nxg2 O-O-O 17. a4 (17. Bc1 $142) 17... g6 {[%emt 0:09:27] Black is clearly winning.} 18. Ba3 (18. Bc1 $142 Rhg8 (18... gxf5 $2 19. Qh5 $19) 19. Bf4) 18... gxf5 19. exf5 Rdg8 20. Qf3 Rg3 21. Qe4 Rhg8 22. Rf2 {[%emt 0:00:08] [#]} Nxf5 $1 23. Re1 {[%emt 0:01:01] Against Ne3} R3g4 24. Qe6 Qxe6 25. Rxe6 Nh4 26. Ree2 Bg3 27. Rxf6 (27. Rf1 $142) 27... Nxg2 28. Rxg2 {[%emt 0:00:08] [#]} Bh2+ $1 {[%emt 0:00:20][%mdl 512] Weighted Error Value: White=0.72/Black=0.44.  Mistake:       	White=4     	---        Inaccurate:     	White=3     	---        OK:         	White=1     	Black=5      Best:        	---       	Black=1} 0-1

[Event "Serbian-ch Semifinal 2024"]
[Site "Paracin"]
[Date "2024.02.05"]
[Round "1.2"]
[White "Tilicheev, Viacheslav"]
[Black "Todorovic, Goran N"]
[Result "1-0"]
[ECO "A30"]
[WhiteElo "2487"]
[BlackElo "2263"]
[Annotator "TA"]
[PlyCount "69"]
[EventDate "2024.02.04"]
[EventType "swiss"]
[EventCountry "SRB"]
[SourceTitle "playchess.com"]
[Source "ChessBase"]
[SourceQuality "1"]
[TimeControl "40/5400+30:1800+30"]

1. Nf3 Nf6 2. g3 b6 3. Bg2 Bb7 4. c4 c5 5. O-O g6 6. Nc3 Bg7 7. d4 cxd4 8. Qxd4 d6 9. Rd1 Nbd7 10. Be3 Rc8 11. b3 O-O {[%emt 0:14:03][%cal Of6e4] ...Ne4! is the strong threat.} 12. Qh4 a6 {[%emt 0:04:24][%cal Ob6b5] The position is equal.} 13. Rac1 Re8 14. Bh3 Rc7 15. g4 Qa8 16. Nd2 b5 17. g5 Nh5 {[%emt 0:01:12] [#]} 18. Nd5 $1 Bxd5 19. cxd5 Rec8 {[%emt 0:01:38] Black is weak on the light squares} 20. Rxc7 Rxc7 21. Ne4 Nf8 22. Bg4 (22. Ng3 $14) 22... Rc2 $11 23. a4 Ra2 24. Bxh5 gxh5 25. Ng3 Ng6 26. Qb4 bxa4 27. Nxh5 (27. bxa4 $11 Qc8 28. Rc1) 27... axb3 ({Much weaker is} 27... Rxe2 $6 28. Qc4 Rxe3 29. fxe3 $11) (27... Qc8 $17 {Strongly threatening ...Qh3.} 28. Nxg7 Kxg7 29. bxa4 Rxe2) 28. Nxg7 Kxg7 $2 (28... Qc8 $1 $11 29. Nh5 (29. Qxb3 $2 {is the wrong capture.} Qg4+ 30. Kf1 Qxe2+ 31. Kg1 Qg4+ 32. Kf1 Nh4 $19) 29... b2) 29. Qxb3 $16 Rxe2 {[%emt 0:01:42] [#] And now ...Qc8 would win.} 30. Kf1 $1 (30. Qc4 Rxe3 31. fxe3 a5 $16) 30... Rxe3 31. Qxe3 Qc8 {[%emt 0:01:08] Inhibits Qc3+.} 32. Qd4+ (32. Rd4 $16) 32... Kg8 $14 33. Rb1 Qh3+ 34. Ke2 $1 {[%emt 0:00:39] Rb8+ would kill now.} Qxh2 $2 (34... Qh5+ $14 35. Ke1 h6) 35. Rb8+ {[%emt 0:00:06] Weighted Error Value: White=0.12 (very precise) /Black=0.45.  Loses game:     	---       	Black=1      Mistake:       	White=3     	Black=2      Inaccurate:     	---       	Black=1      OK:         	White=9     	Black=11     Best:        	White=3     	Black=1      Strong:       	White=2     	---} 1-0

[Event "Serbian-ch Semifinal 2024"]
[Site "Paracin"]
[Date "2024.02.05"]
[Round "1.3"]
[White "Ivanovic, Marko"]
[Black "Pukshansky, Mikhail B"]
[Result "1/2-1/2"]
[ECO "D46"]
[WhiteElo "2245"]
[BlackElo "2405"]
[Annotator "TA"]
[PlyCount "120"]
[EventDate "2024.02.04"]
[EventType "swiss"]
[EventCountry "SRB"]
[SourceTitle "playchess.com"]
[Source "ChessBase"]
[SourceQuality "1"]
[TimeControl "40/5400+30:1800+30"]

1. d4 d5 2. c4 e6 3. Nc3 c6 4. e3 Nf6 5. Nf3 Nbd7 6. Qc2 Bd6 7. Bd3 dxc4 8. Bxc4 b5 9. Be2 Bb7 10. O-O O-O 11. Rd1 Qc7 12. h3 Rfe8 13. e4 e5 14. dxe5 Nxe5 15. Bg5 Nxf3+ 16. Bxf3 Qe7 17. Ne2 h6 18. Be3 a6 19. Rd3 (19. Nd4 $11 Qc7 20. Nb3) 19... Nxe4 $15 20. Rad1 c5 {[%emt 0:00:00] Wards off Rd4} 21. Nf4 (21. Bf4 $15 Rad8 22. Bxd6 (22. Rxd6 Nxd6 23. Rxd6 Bxf3 $17) 22... Rxd6 23. Re3 Rxd1+ 24. Qxd1) 21... Rad8 $17 22. Nd5 Bxd5 23. Rxd5 {[%emt 0:00:08] [#] Strongly threatening Qxe4.} Nf6 24. R5d2 Qc7 {[%emt 0:00:00] Inhibits Bc6.} 25. b3 Rd7 (25... c4 $15 {might be stronger.} 26. bxc4 bxc4) 26. a4 Red8 (26... bxa4 $15 27. bxa4 c4) 27. axb5 axb5 28. Be2 b4 29. Kf1 Bf8 30. Rxd7 Rxd7 31. Rxd7 Nxd7 32. g3 Ne5 33. Qe4 Qc6 34. Bd3 Qxe4 35. Bxe4 $11 {[%emt 0:00:01][%mdl 4096] Endgame. KBB-KBN} g6 36. f4 Nd7 37. Ke2 f5 38. Bc6 Nb6 39. Kd3 Kf7 40. h4 Be7 41. Bf2 Kf6 42. Be3 Bd6 43. Bc1 Ke7 44. Bf3 Ke6 45. h5 {[%emt 0:00:00] The position is equal.} gxh5 46. Bxh5 Be7 47. Bf3 Bf6 48. Be3 Kd6 49. Bf2 c4+ 50. bxc4 Na4 51. c5+ Nxc5+ 52. Kc4 Ne4 53. Bxe4 fxe4 {[%emt 0:00:00] KB-KB} 54. g4 Ke6 55. Kxb4 Kd5 56. Kb3 Bd4 57. Bxd4 Kxd4 58. Kc2 e3 59. f5 {[%emt 0:00:21] [#] f6 would kill now.} Ke5 60. Kd3 h5 {[%emt 0:00:00] Weighted Error Value: White=0.09 (flawless) /Black=0.07 (flawless) .  Mistake:       	White=2     	Black=2      Inaccurate:     	White=2     	Black=3      OK:         	White=27    	Black=24     Best:        	---       	Black=3} 1/2-1/2

[Event "Serbian-ch Semifinal 2024"]
[Site "Paracin"]
[Date "2024.02.05"]
[Round "1.4"]
[White "Nestorovic, Nikola"]
[Black "Gagic, Milan A"]
[Result "1-0"]
[ECO "C02"]
[WhiteElo "2465"]
[BlackElo "2241"]
[Annotator "TA"]
[PlyCount "119"]
[EventDate "2024.02.04"]
[EventType "swiss"]
[EventCountry "SRB"]
[SourceTitle "playchess.com"]
[Source "ChessBase"]
[SourceQuality "1"]
[TimeControl "40/5400+30:1800+30"]

1. e4 e6 2. d4 d5 3. e5 c5 4. c3 Nc6 5. Nf3 Bd7 6. Be2 Nge7 7. Na3 cxd4 8. cxd4 Nf5 9. Nc2 Be7 10. O-O O-O 11. Bd3 h6 12. Bd2 a5 13. g4 Nh4 14. Nxh4 Bxh4 15. f4 f6 16. Kh1 fxe5 17. dxe5 g5 18. Ne1 gxf4 19. Nf3 Bg5 20. Qe1 Qe8 21. h4 Be7 22. a3 Qf7 23. Rc1 Kh8 24. Qf2 (24. Nh2 $5) 24... Qg7 25. Rg1 Be8 $1 (25... Nxe5 $2 26. Nxe5 Bf6 (26... Qxe5 $2 27. Bc3 $18) 27. Nxd7 Qxd7 28. Bxf4 $18 (28. Qxf4 Bg7 $18)) 26. g5 Bh5 (26... Nxe5 $2 27. gxh6 Qxh6 28. Nxe5 $18) 27. Rce1 (27. gxh6 $15 Bxf3+ (27... Qxh6 28. Ng5 $15) 28. Qxf3 Qxh6 29. Rg4) 27... Bc5 $17 (27... Bxf3+ 28. Qxf3 Bc5 (28... Nxe5 $2 29. Rxe5 Qxe5 30. Qh5 $18) (28... hxg5 $2 29. Qh5+ Kg8 30. Rxg5 $18) 29. Qh5 Bxg1 30. Rxg1 $11) 28. Qxc5 Bxf3+ 29. Kh2 Be4 (29... Nxe5 $2 30. Bc3 Rfc8 31. gxh6 (31. Bxe5 Rxc5 32. Bxg7+ Kxg7 $11) 31... Rxc5 32. hxg7+ (32. Bxe5 Qxe5 33. Rxe5 Rac8 $16) 32... Kg8 33. Rxe5 $18 (33. Bxe5 b6 $18)) (29... d4 $1 $17 {...Bd5 is the strong threat.} 30. Rgf1 Bd5 (30... b6 31. Qc2 $11) 31. Bxf4 (31. Rxf4 $2 Nxe5 32. Be4 hxg5 $19) 31... Rac8) 30. Bxe4 $11 dxe4 31. Rxe4 f3 (31... hxg5 $11 32. Rxf4 (32. Rxg5 $2 {too greedy.} Qh7 $19) 32... gxf4 33. Rxg7 Kxg7) 32. gxh6 $16 Qh7 {[%emt 0:00:00] [#]} 33. Reg4 (33. Qc4 $1 $16) 33... Qd3 $1 $14 ({Don't go for} 33... f2 $2 34. Rf1 $18) 34. Qe3 (34. Be1 $14) 34... Rad8 $11 35. Qxd3 Rxd3 36. Bc3 b5 37. Rf1 Re3 38. Kg3 b4 (38... f2+ $11 39. Kg2 Re2) 39. axb4 $14 axb4 40. Bxb4 Nxb4 41. Rxb4 Rxe5 $2 (41... Kh7 $14) 42. Rxf3 $18 Rg8+ {[%emt 0:00:00] [#]} 43. Kf2 $1 Re8 44. Rf6 Rc5 45. Kf3 Rc1 46. Ke2 Rh1 47. Rf7 Rg1 $2 (47... Rg8 48. Kd3 Rh3+ 49. Kc2 Rc8+ 50. Kd1 Rh1+ 51. Kd2 Rg8) 48. Rbb7 $18 Rc8 49. Kf2 (49. b4 $142 Rc2+ 50. Ke3) 49... Rg6 (49... Rcc1 $142 50. Rf8+ Rg8) 50. Rh7+ $18 Kg8 51. Rhg7+ Rxg7 52. hxg7 ({Weaker is} 52. Rxg7+ Kh8 $18) 52... Rc4 53. Kg3 e5 54. h5 Rc6 55. b4 Rh6 56. Kg4 e4 57. Re7 (57. Kg5 $142 Rd6 58. h6 Rd5+ 59. Kf4 Rd8 60. Kxe4 Re8+ 61. Kf5 Rd8 62. Rb6) 57... e3 58. Rxe3 Kxg7 59. b5 Kf6 60. b6 1-0

[Event "Serbian-ch Semifinal 2024"]
[Site "Paracin"]
[Date "2024.02.05"]
[Round "1.5"]
[White "Ravic, Nenad"]
[Black "Sedlak, Nikola"]
[Result "1/2-1/2"]
[ECO "C13"]
[WhiteElo "2202"]
[BlackElo "2463"]
[Annotator "TA"]
[PlyCount "48"]
[EventDate "2024.02.04"]
[EventType "swiss"]
[EventCountry "SRB"]
[SourceTitle "playchess.com"]
[Source "ChessBase"]
[SourceQuality "1"]
[TimeControl "40/5400+30:1800+30"]

1. e4 e6 2. d4 d5 3. Nc3 Nf6 4. Bg5 dxe4 5. Nxe4 Be7 6. Nxf6+ Bxf6 7. Bxf6 Qxf6 8. Nf3 O-O 9. Qd2 c5 10. O-O-O Rd8 11. Bd3 Nc6 (11... cxd4 $15 {keeps the upper hand.} 12. Be4 h6) 12. dxc5 $16 e5 (12... b6 $16) 13. Qg5 $18 Be6 14. a3 Bd5 15. Qxf6 gxf6 16. Rhe1 Ne7 17. Be4 a5 (17... Bxe4 {was worth a try.} 18. Rxd8+ (18. Rxe4 Rxd1+ 19. Kxd1 Rc8 $18) 18... Rxd8) 18. b4 $2 {[%emt 0:10:19] [#]} ({Better is} 18. Bxd5 $18 Nxd5 19. Nd2) 18... axb4 $11 {[%emt 0:02:54] The position is equal.} 19. axb4 {[%emt 0:00:14] aiming for Rd2.} Ra1+ $1 20. Kb2 Ra2+ 21. Kc3 {[%emt 0:02:43] [#] Black must now prevent Bxd5.} Ra3+ 22. Kb2 Ra2+ 23. Kc3 {[%emt 0:00:07] Threatens to win with Bxd5.} Ra3+ 24. Kb2 Ra2+ {[%emt 0:00:07] Black escapes into a draw.   Weighted Error Value: White=0.33/Black=0.27 (precise) .  Missed win:     	White=1     	---        Mistake:       	---       	Black=3      Inaccurate:     	White=1     	---        OK:         	White=5     	Black=3      Best:        	White=4     	Black=4      Strong:       	---       	Black=1} 1/2-1/2

[Event "Serbian-ch Semifinal 2024"]
[Site "Paracin"]
[Date "2024.02.05"]
[Round "1.6"]
[White "Kovacevic, Aleksandar"]
[Black "Rabrenovic, Vladan"]
[Result "1-0"]
[ECO "A34"]
[WhiteElo "2453"]
[BlackElo "2199"]
[Annotator "TA"]
[PlyCount "85"]
[EventDate "2024.02.04"]
[EventType "swiss"]
[EventCountry "SRB"]
[SourceTitle "playchess.com"]
[Source "ChessBase"]
[SourceQuality "1"]
[TimeControl "40/5400+30:1800+30"]

1. c4 c5 2. Nf3 Nc6 3. Nc3 e5 4. e3 Nf6 5. a3 d6 6. h3 h6 (6... d5 $11) 7. d4 $14 e4 8. d5 {[%emt 0:09:47] White is slightly better.} exf3 9. dxc6 bxc6 10. Qxf3 Bd7 11. e4 Be7 (11... g5 $11 {was preferrable.}) 12. Bf4 O-O 13. O-O-O Ne8 14. e5 dxe5 15. Bxe5 Bf6 16. Qe3 {[%emt 0:13:14] White is much more active.} Qe7 17. Re1 (17. f4 $16) 17... Be6 $11 18. Bd3 Rd8 {[%emt 0:00:33] [#] White must now prevent ...Bxe5.} 19. Rd1 Bxe5 (19... Nd6 $5) 20. Qxe5 Nf6 21. Bf5 $40 {[%emt 0:10:07][%mdl 128] White has some attack.} Nd7 ({Black should play} 21... Rd4 $11) 22. Qe3 $14 Qf6 {[%emt 0:00:47] Black is now going downhill.} (22... Ne5 $1 $14 23. Qxe5 (23. Rxd8 Rxd8 24. Bxe6 Qxe6 $11) 23... Qg5+ 24. f4 Qxf5) 23. Bxe6 $16 fxe6 24. Rhe1 e5 25. Ne4 Qe7 26. b3 Rb8 27. Rd3 Rb7 28. Red1 Rfb8 29. Kc2 Kh8 (29... Rf8 {was worth a try.} 30. f3 Kh8) 30. g4 $18 a5 31. a4 Rf8 32. Nd6 Rc7 33. Nf5 Qe8 34. f3 Kh7 35. Rd6 Rf6 36. Qd2 Rxf5 $2 (36... Rxd6 37. Qxd6 (37. Nxd6 Qa8 $18) 37... Ra7 38. Qxc6 h5) 37. gxf5 Nf6 38. Qxa5 Re7 39. Qxc5 e4 40. Qxc6 Qh5 41. Rxf6 exf3 42. Rf8 f2 {[%emt 0:00:40] [#]} 43. Qg6+ {[%emt 0:00:12] Weighted Error Value: White=0.14 (very precise) /Black=0.47.  Mistake:       	White=1     	Black=6      Inaccurate:     	White=4     	Black=1      OK:         	White=8     	Black=4      Best:        	White=5     	Black=2} 1-0

[Event "Serbian-ch Semifinal 2024"]
[Site "Paracin"]
[Date "2024.02.05"]
[Round "1.7"]
[White "Pogorelskikh, Sofia"]
[Black "Injac, Teodora"]
[Result "1/2-1/2"]
[ECO "B55"]
[WhiteElo "2198"]
[BlackElo "2439"]
[Annotator "TA"]
[PlyCount "64"]
[EventDate "2024.02.04"]
[EventType "swiss"]
[EventCountry "SRB"]
[SourceTitle "playchess.com"]
[Source "ChessBase"]
[SourceQuality "1"]
[TimeControl "40/5400+30:1800+30"]

1. e4 c5 2. Nf3 d6 3. d4 cxd4 4. Nxd4 Nf6 5. f3 Nc6 6. c4 Qb6 7. Nc2 e6 8. Nc3 Be7 9. Rb1 O-O 10. Be3 Qc7 11. Be2 Rd8 12. O-O d5 13. cxd5 exd5 14. exd5 (14. Nxd5 Nxd5 15. exd5 Be6 $17) 14... Be6 15. Qe1 ({White should play} 15. dxe6 $11 Rxd1 16. exf7+ Kxf7 17. Rbxd1) 15... Nxd5 $15 16. Nxd5 Bxd5 17. b3 Re8 18. Qf2 Qa5 19. a4 Qc3 20. Rfc1 Bf8 (20... Bxb3 $2 21. Nd4 Qa5 22. Nxc6 (22. Rxb3 Bf6 $18) (22. Nxb3 Qxa4 23. Nc5 Bxc5 $18) 22... bxc6 23. Rxb3 $18) 21. Bb5 $1 a6 (21... Bxb3 $2 22. Bd4 $18 (22. Bd2 Qxc2 23. Rxc2 Bxc2 $16) (22. Bd2 Qxc2 23. Rxc2 Bxc2 $16)) (21... Rac8 $15) 22. Bd4 $1 $14 Qa5 ({Don't play} 22... Nxd4 23. Nxd4 $16) 23. Bb6 Qc3 24. Nd4 Qb4 25. Nxc6 bxc6 26. Bxc6 Bxc6 27. Rxc6 Rac8 28. Rxc8 Rxc8 29. Qd4 Qa3 30. Qd3 {[%emt 0:01:34] Inhibits Rc2. White is more active.} Qa2 {[%emt 0:00:00] [#] Strongly threatening ...Rc2.} 31. Rf1 (31. Kh1 $1 $14) 31... Rc2 $11 32. Bf2 (32. Qxa6 $2 {gets mated.} Rxg2+ (32... Qxb3 33. Kh1 $16) 33. Kh1 Rxh2+ 34. Kg1 Qg2#) 32... a5 {[%emt 0:03:43] Weighted Error Value: White=0.10 (very precise) /Black=0.09 (flawless) .  Mistake:       	White=2     	Black=1      Inaccurate:     	White=1     	Black=2      OK:         	White=9     	Black=12     Best:        	White=3     	Black=1      Strong:       	White=2     	---} 1/2-1/2

[Event "Serbian-ch Semifinal 2024"]
[Site "Paracin"]
[Date "2024.02.05"]
[Round "1.8"]
[White "Atalik, Suat"]
[Black "Mijatovic, Dusan"]
[Result "1-0"]
[ECO "E20"]
[WhiteElo "2439"]
[BlackElo "2165"]
[Annotator "TA"]
[PlyCount "67"]
[EventDate "2024.02.04"]
[EventType "swiss"]
[EventCountry "SRB"]
[SourceTitle "playchess.com"]
[Source "ChessBase"]
[SourceQuality "1"]
[TimeControl "40/5400+30:1800+30"]

1. d4 Nf6 2. c4 e6 3. Nc3 Bb4 4. g3 Bxc3+ 5. bxc3 O-O 6. Bg2 d6 7. Nf3 e5 8. dxe5 dxe5 {[%emt 0:00:11] White is slightly better.} 9. Qxd8 Rxd8 10. Nxe5 Re8 11. Bf4 {[%emt 0:04:13][%cal Bc1f4,Bf4c7,Bc7e5,Be5f6][%mdl 32] White is more active.} Na6 12. O-O Nc5 (12... Nh5 $11) 13. Nd3 $16 {[%emt 0:02:21] White now steadily converts the win.} Na4 14. Bxc7 Rxe2 15. Nf4 Rc2 16. Be5 Nxc3 17. Rfe1 Bf5 18. Bxb7 {[%emt 0:02:03] This pair of bishops is nice.} Rd8 19. c5 $40 {[%emt 0:14:23][%cal Bc4c5,Bc5c6][%mdl 160] Threatens to win with c6. White has strong attack.} Nce4 20. c6 {[%emt 0:02:18] Hoping for c7.} g5 $2 (20... Re8) 21. Bxf6 Rdd2 {[%emt 0:01:34] [#]} (21... Nxf6 22. Ng2 (22. Re5 gxf4 23. Rxf5 Ne8 $18) 22... Ng4) 22. Rxe4 $1 $18 Bxe4 23. Re1 gxf4 24. Rxe4 h5 25. Rxf4 Kh7 26. Bd4 Kg6 27. Bxa7 Rc1+ 28. Kg2 {[%emt 0:00:06] [#] Black must now prevent Be3.} Rxa2 29. Be3 Rc3 30. Bd4 Rc4 31. Rf6+ Kg7 32. Rf4+ Kg6 $1 33. Be5 Rc5 34. c7 {[%emt 0:00:24] Weighted Error Value: White=0.14 (very precise) /Black=0.63.  Mistake:       	---       	Black=3      Inaccurate:     	White=1     	Black=1      OK:         	White=9     	Black=5      Best:        	White=3     	---        Brilliant:      	White=1     	---} 1-0

[Event "Serbian-ch Semifinal 2024"]
[Site "Paracin"]
[Date "2024.02.05"]
[Round "1.9"]
[White "Gusev, Mikhail"]
[Black "Cabarkapa, Novak"]
[Result "0-1"]
[ECO "E94"]
[WhiteElo "2117"]
[BlackElo "2434"]
[Annotator "RC"]
[PlyCount "108"]
[EventDate "2024.02.04"]
[EventType "swiss"]
[EventCountry "SRB"]
[SourceTitle "playchess.com"]
[Source "ChessBase"]
[SourceQuality "1"]
[TimeControl "40/5400+30:1800+30"]

1. d4 Nf6 2. c4 g6 3. Nf3 Bg7 4. Nc3 O-O 5. e4 d6 6. Be2 Nbd7 7. O-O e5 8. d5 Nc5 9. Qc2 a5 10. Ne1 Nfd7 11. Be3 f5 12. f3 f4 13. Bf2 g5 14. Nd3 b6 15. a3 Nxd3 16. Qxd3 a4 17. Kh1 Nf6 18. Rg1 Nh5 19. Rae1 Rf6 20. Nd1 Bd7 21. Qd2 Qe7 22. g4 fxg3 23. Bxg3 Nf4 24. Bxf4 Rxf4 25. Nf2 h6 26. Rg3 Raf8 27. Reg1 Kf7 28. Qe3 Ke8 29. Nd3 Bf6 30. Qf2 Rh4 31. Ne1 h5 32. Ng2 g4 33. Nxh4 Bxh4 34. Qg2 Bxg3 35. Qxg3 h4 36. Qg2 Qh7 37. Rf1 g3 38. Bd1 Rg8 39. Re1 h3 40. Qd2 gxh2 41. f4 Rg2 42. Qe3 exf4 43. Qxf4 Qg6 44. Qe3 Rxb2 45. Bf3 Rg2 46. Qd4 Ke7 47. Rf1 Rg1+ 48. Rxg1 Qxg1+ 49. Qxg1 hxg1=Q+ 50. Kxg1 Kf6 51. Kf2 Ke5 52. Ke3 Bc8 53. Bh5 Ba6 54. Be2 Bxc4 0-1

[Event "Serbian-ch Semifinal 2024"]
[Site "Paracin"]
[Date "2024.02.05"]
[Round "1.10"]
[White "Radovanovic, Nikola"]
[Black "Krstic, Andrija Marko"]
[Result "1-0"]
[ECO "B53"]
[WhiteElo "2446"]
[BlackElo "2113"]
[Annotator "TA"]
[PlyCount "81"]
[EventDate "2024.02.04"]
[EventType "swiss"]
[EventCountry "SRB"]
[SourceTitle "playchess.com"]
[Source "ChessBase"]
[SourceQuality "1"]
[TimeControl "40/5400+30:1800+30"]

1. e4 c5 2. Nf3 d6 3. d4 cxd4 4. Qxd4 Nf6 5. Be2 Nc6 6. Qe3 g6 7. O-O Bg7 8. h3 {[%emt 0:00:12] The position is equal.} O-O 9. Rd1 Nd7 10. Nc3 b6 11. a3 Bb7 12. Qg5 Nce5 13. Nd4 Rc8 14. Qh4 Re8 15. Bg5 Bf6 16. Bxf6 Nxf6 17. f4 Nc4 18. e5 {[%emt 0:11:39] And now Bxc4 would win.} Ne4 (18... dxe5 $2 19. Ne6 fxe6 20. Rxd8 Rexd8 21. fxe5 Nxe5 22. Qa4 $18) (18... Nxb2 $11 {keeps the balance.} 19. exf6 Rxc3) 19. Nxe4 $16 Bxe4 {[%emt 0:00:07] [#]} 20. f5 $1 d5 $1 21. e6 {[%emt 0:05:14] Threatens to win with exf7+.} f6 22. fxg6 Bxg6 23. Bd3 {[%emt 0:00:17] Hoping for Bxg6.} Ne5 (23... Nxb2 24. Bxg6 hxg6 25. Qh6 Qd6 26. Qxg6+ Kh8 27. Nf5 Qc5+ 28. Kh1) 24. Bxg6 $1 $40 {[%emt 0:02:51][%mdl 128] White wants a kill.} Nxg6 25. Qh5 ({White should play} 25. Qh6 $16 {Intending Nf5 and mate.} Kh8 26. Rf1) 25... Qd6 26. c3 Kh8 27. Rd2 (27. Rf1 $16) 27... Rg8 28. Rf1 Rcd8 (28... Ne5 $11 {remains equal.}) 29. Kh1 ({Better is} 29. Qh6 $16) 29... Nf8 $2 (29... Ne5 $14) 30. Re2 Rg5 {[%emt 0:00:18] [#]} 31. Qh6 Rg6 32. Qh4 Re8 33. Rf5 Qc5 34. Rh5 Qc4 35. Rf2 b5 36. Rf4 Qa2 {[%emt 0:00:36] [#]} (36... a5 $16 {was worth a try.}) 37. Kh2 $2 {[%emt 0:00:45] Active counter play!} (37. Nxb5 $2 Qxb2 38. Qf2 Qxb5 $19) ({White should try} 37. Rg4 $1 $18 {aiming for Nf5.} Rxg4 38. Qxg4 (38. hxg4 Qxb2 39. g5 fxg5 $11)) 37... Qxb2 $11 38. Rg4 (38. Rxd5 $2 Qxg2#) 38... Qb1 (38... Rxg4 $11 39. Qxg4 Qxc3) 39. Nf5 $18 (39. Rxd5 Qc1 $14) 39... Rxg4 40. Qxg4 ({Stronger than} 40. hxg4 Qe4 41. Nd4 (41. Nxe7 $2 Qf4+ 42. Qg3 Qxg3+ 43. Kxg3 Rxe7 $19) 41... a6 $17 (41... Nxe6 $2 {perishes.} 42. Nxe6 Rc8 43. g5 $18)) 40... Nxe6 41. Qg6 {[%emt 0:30:25] Weighted Error Value: White=0.21 (precise) /Black=0.40.  Loses game:     	---       	Black=2      Missed win:     	White=1     	---        Mistake:       	White=3     	Black=3      Inaccurate:     	White=2     	Black=5      OK:         	White=9     	Black=8      Best:        	White=3     	Black=1      Strong:       	White=1     	Black=1      Brilliant:      	White=1     	---} 1-0

[Event "Serbian-ch Semifinal 2024"]
[Site "Paracin"]
[Date "2024.02.05"]
[Round "1.11"]
[White "Mitrovic, Marjan"]
[Black "Pap, Misa"]
[Result "0-1"]
[ECO "A88"]
[WhiteElo "2138"]
[BlackElo "2422"]
[Annotator "RC"]
[PlyCount "68"]
[EventDate "2024.02.04"]
[EventType "swiss"]
[EventCountry "SRB"]
[SourceTitle "playchess.com"]
[Source "ChessBase"]
[SourceQuality "1"]
[TimeControl "40/5400+30:1800+30"]

1. Nf3 f5 2. g3 Nf6 3. Bg2 d6 4. d4 g6 5. c4 Bg7 6. Nc3 O-O 7. O-O c6 8. Qc2 Qc7 9. b3 Na6 10. Rd1 Nb4 11. Qd2 a5 12. a3 Na6 13. Bb2 e5 14. b4 e4 15. Ne1 d5 16. b5 cxb5 17. cxb5 Nb8 18. Rdc1 Qd8 19. Na4 Nbd7 20. Rc2 Ne8 21. e3 Nd6 22. Bf1 Nf6 23. Rac1 g5 24. Nc5 f4 25. exf4 gxf4 26. Ng2 Bh6 27. Qe1 Nf5 28. Rd1 f3 29. Ne3 Nxe3 30. fxe3 Ng4 31. Qc3 Nxe3 32. Rdd2 Nxf1 33. Kxf1 Bh3+ 34. Kg1 e3 0-1